 Dungeon Crawl Stone Soup version 0.31.0-32-g396128a36d (webtiles) character file.

Game seed: 1728272432221115945

89189 James the Unseen (level 15, -7/74 HPs)
             Began as a Spriggan Enchanter on Mar 9, 2024.
             Was the Champion of Dithmenos.
             Mangled by a cyan ugly thing (13 damage)
             ... on level 14 of the Dungeon.
             The game lasted 02:05:15 (33619 turns).

James the Unseen (Spriggan Enchanter)              Turns: 33619, Time: 02:05:16

Health: -7/74      AC:  7    Str:  8    XL:     15   Next: 48%
Magic:  15/26      EV: 28    Int: 24    God:    Dithmenos [******]
Gold:   2363       SH:  6    Dex: 18    Spells: 17/28 levels left

rFire   + . .        a - +1 dagger (venom)
rCold   + + .        M - +0 buckler {rPois}
rNeg    + . .        T - +2 robe {rC+ rF+}
rPois   +            K - +2 hat
rElec   .            B - +0 cloak
rCorr   +            (gloves unavailable)
SInv    +            (boots unavailable)
Will    ++...        e - amulet of regeneration Stlth ****++++++
                     o - ring of protection from cold
HPRegen 1.12/turn    V - ring of the Singing Queen {*Slow rN+ rCorr Int+6}
MPRegen 0.20/turn

%: slow self (1%)
@: wreathed by umbra, very quick
A: very small, no large weapons, unfitting armour, see invisible, speed 3
a: Renounce Religion, Shadow Step, Shadow Form


You were on level 14 of the Dungeon.
You worshipped Dithmenos.
Dithmenos was exalted by your worship.
You visited 4 branches of the dungeon, and saw 22 of its levels.

You collected 2482 gold pieces.
You spent 119 gold pieces at shops.

Inventory:

Hand Weapons
 a - a +1 dagger of venom (weapon)
   (You took it off an orc on level 6 of the Dungeon)
 b - the +7 Throatcutter {drain, coup de grace}
   (You took it off Terence on level 3 of the Dungeon)
 j - a +0 rapier
   (You found it on level 8 of the Dungeon)
 P - a +1 hand cannon of flaming
   (You found it on level 9 of the Dungeon)
 S - a +2 spear of freezing
   (You found it on level 7 of the Dungeon)
 Y - a +4 dagger of chaos
   (You took it off Psyche on level 11 of the Dungeon)
Missiles
 f - 30 boomerangs (quivered)
 h - 6 throwing nets {!f}
 y - 32 poisoned darts
Armour
 B - a +0 cloak (worn)
   (You took it off Crazy Yiuf on level 3 of the Dungeon)
 K - a +2 hat (worn)
   (You found it on level 12 of the Dungeon)
 M - a +0 buckler of poison resistance (worn)
   (You bought it in a shop on level 4 of the Dungeon)
 O - a scarf of invisibility
   (You found it on level 9 of the Dungeon)
 Q - a +2 robe of willpower
   (You took it off an orc wizard on level 5 of the Dungeon)
 T - a +2 robe of resistance (worn)
   (You took it off Psyche on level 11 of the Dungeon)
 U - an orb of guile
   (You took it off Jeremiah on level 6 of the Dungeon)
Jewellery
 e - an amulet of regeneration (around neck)
   (You found it on level 1 of the Lair of Beasts)
 k - a ring of flight
   (You found it on level 1 of the Lair of Beasts)
 o - a ring of protection from cold (left hand)
   (You found it on level 1 of the Dungeon)
 V - the ring of the Singing Queen (right hand) {*Slow rN+ rCorr Int+6}
   (You found it on level 5 of the Lair of Beasts)

   [ring of positive energy]

   Int+6:     It affects your intelligence (+6).
   rN+:       It protects you from negative energy.
   rCorr:     It protects you from acid and corrosion.
   *Slow:     It may slow you when you take damage.
 X - a ring of fire
   (You found it on level 5 of the Lair of Beasts)
Wands
 d - a wand of iceblast (21)
   (You found it on level 5 of the Dungeon)
 g - a wand of polymorph (3)
   (You found it on level 8 of the Dungeon)
 s - a wand of mindburst (5)
   (You found it on level 12 of the Dungeon)
 t - a wand of flame (10)
   (You found it on level 2 of the Lair of Beasts)
 u - a wand of paralysis (5)
   (You found it on level 3 of the Lair of Beasts)
 x - a wand of acid (21)
   (You found it on level 5 of the Dungeon)
Scrolls
 l - 2 scrolls of blinking
 m - 4 scrolls of revelation
 n - a scroll of silence
 p - a scroll of enchant weapon
 C - a scroll of enchant armour
 E - 8 scrolls of vulnerability {!r}
 G - a scroll of brand weapon
 H - a scroll of fear
 J - 11 scrolls of immolation {!r}
 L - 6 scrolls of teleportation {@r4}
 N - 6 scrolls of fog
Potions
 c - 2 potions of invisibility
 i - a potion of brilliance
 q - 3 potions of heal wounds {@q2}
 r - a potion of magic
 v - 7 potions of curing {@q1}
 z - 3 potions of cancellation
 A - 6 potions of might
 D - 3 potions of enlightenment
 F - 2 potions of haste {@q3}
 I - 3 potions of ambrosia
 R - 4 potions of mutation {!q}
 W - a potion of resistance
Miscellaneous
 w - a tin of tremorstones (2/2)
   (You found it on level 13 of the Dungeon)
 Z - a box of beasts (inert)
   (You found it on level 3 of the Lair of Beasts)


   Skills:
 + Level 6.5 Fighting
 - Level 14.0 Short Blades
 + Level 15.0 Dodging
 + Level 18.3 Stealth
 - Level 8.0 Shields
 + Level 7.1 Spellcasting
 - Level 1.0 Conjurations
 + Level 15.7 Hexes
 - Level 2.0 Ice Magic


You had 17 spell levels left.
You knew the following spells:

 Your Spells              Type           Power      Damage    Failure   Level
a - Confusing Touch       Hex            71%        N/A       1%          3
b - Dazzling Flash        Conj/Hex       96%        N/A       1%          3
d - Tukima's Dance        Hex            71%        N/A       1%          3
x - Ensorcelled Hibernat  Hex/Ice        100%       N/A       1%          2

Your spell library contained the following spells:

 Spells                   Type           Power      Damage    Failure   Level
 Inner Flame              Hex/Fire       46%        N/A       1%          3
 Magic Dart               Conj           52%        1d5       7%          1
 Kiss of Death            Conj/Necr      40%        2d8       9%          1
 Sting                    Conj/Alch      40%        1d5       9%          1
 Searing Ray              Conj           26%        2d5       10%         2
 Mercury Vapours          Alch/Air       16%        N/A       16%         2
 Flame Wave               Conj/Fire      10%        2d6       63%         4
 Fulminant Prism          Conj/Alch      5%         3d7       63%         4
 Dispel Undead            Necr           8%         3d8       69%         4
 Leda's Liquefaction      Alch/Erth      4%         N/A       69%         4
 Olgreb's Toxic Radiance  Alch           8%         N/A       69%         4
 Sticky Flame             Fire/Alch      8%         2d4       69%         4
 Vhi's Electric Charge    Tloc/Air       16%        N/A       69%         4
 Arcjolt                  Conj/Air       5%         1d15      92%         5
 Lee's Rapid Deconstruct  Erth           4%         3d5*      95%         5
 Bombard                  Conj/Erth      5%         9d2       100%        6
 Sculpt Simulacrum        Ice/Alch       6%         N/A       100%        6
 Ozocubu's Refrigeration  Ice            9%         4d9       100%        7
 Maxwell's Capacitive Co  Air            4%         ∞         100%        8
 Polar Vortex             Ice            9%         12d1*     100%        9


Dungeon Overview and Level Annotations

Branches:
Dungeon (14/15)            Temple (1/1) D:7            Lair (5/5) D:9
  Swamp (0/4) Lair:3       Spider (0/4) Lair:2        Slime (0/5) Lair:5
    Orc (2/2) D:9             Elf (0/3) Orc:2        Vaults (0/5) D:13

Altars:
Ashenzari
Cheibriados
Dithmenos
Elyvilon
Fedhas
Gozag
Hepliaklqana
Kikubaaqudgha
Makhleb
Nemelex Xobeh
Okawaru
Qazlal
Ru
Sif Muna
Trog
Uskayaw
Vehumet
Wu Jian
Xom
Yredelemnul
Zin
The Shining One

Shops:
D:4 *   D:6 ?   D:7 :   D:12 *   Orc:2 (*[:

Portals:
Hell: Lair:5
Trove: D:10 (give +8 demon trident)

Annotations:
D:8 Erica
D:14 2 transporters, Laowois's ghost, journeyman MiBe
Orc:1 3 runed translucent doors, exclusion: 3 doors, Dmuffinman's ghost, journeyman MiBe


Innate Abilities, Weirdness & Mutations

You are very small and have problems with some larger weapons.
You are too small for most types of armour.
You have supernaturally acute eyesight. (SInv)
You cover ground extremely quickly. (Speed+++)


Message History

Level annotation: 2 transporters, Laowois's ghost, journeyman MiBe
There is a stone staircase leading up here.
Press: ? - help, Shift-Dir - straight line, f - cyan ugly thing
Aim: a cyan ugly thing (wandering, hasn't noticed you, umbra, chance to affect: 54%)
The cyan ugly thing gurgles horribly!
The cyan ugly thing resists with significant effort.
Your shadow mimics your spell!
The cyan ugly thing easily resists.
The cyan ugly thing gurgles horribly! x2
The cyan ugly thing basks in the mutagenic energy from its kin and changes!
The cyan ugly thing barely misses you.
Press: ? - help, Shift-Dir - straight line, f/p - cyan ugly thing
Aim: a cyan ugly thing (umbra, chance to affect: 54%)
The cyan ugly thing looks drowsy...
You block the cyan ugly thing's attack.
The helpless cyan ugly thing fails to defend itself.
You perforate the cyan ugly thing like a sieve!!!!!
You kill the cyan ugly thing!
Dithmenos accepts your kill. The cyan ugly thing misses you.
Press: ? - help, Shift-Dir - straight line, f - cyan ugly thing
Aim: a cyan ugly thing (umbra, chance to affect: 54%)
The cyan ugly thing looks drowsy...
The cyan ugly thing claws you. The cyan ugly thing shocks you!
The helpless cyan ugly thing fails to defend itself.
You stick the cyan ugly thing like a pincushion!!!!!
You kill the cyan ugly thing!
Dithmenos accepts your kill.
Press: ? - help, Shift-Dir - straight line, f - brown ugly thing
Aim: a brown ugly thing (umbra, chance to affect: 54%)
The brown ugly thing resists with significant effort.
You block the cyan ugly thing's attack.
The brown ugly thing basks in the mutagenic energy from its kin and changes!
Press: ? - help, Shift-Dir - straight line, f/p - cyan ugly thing
Aim: a cyan ugly thing (umbra, chance to affect: 54%)
The cyan ugly thing resists with significant effort.
Your shadow mimics your spell!
The cyan ugly thing easily resists.
The cyan ugly thing claws you. The cyan ugly thing shocks you!
You emit a cloud of dark smoke.
Press: ? - help, Shift-Dir - straight line, f/p - cyan ugly thing
Aim: a cyan ugly thing (black smoke, umbra, chance to affect: 54%)
The cyan ugly thing resists with significant effort.
Your shadow mimics your spell!
The cyan ugly thing easily resists.
The cyan ugly thing claws you!
* * * LOW HITPOINT WARNING * * *
The cyan ugly thing shocks you!
* * * LOW HITPOINT WARNING * * *
The cyan ugly thing headbutts you.
* * * LOW HITPOINT WARNING * * *
The cyan ugly thing shocks you!
You die...

)............#.
#..............
<.#.#...#.#.... ###
..#...###.....# ...##
.....## ##...####....##.
.....### #...............
.......###...<..........
.#.............§###..##.#
...(......###...@u.......
...####.......###u...?...
...# ##.....## ##[.....u
##.#####.....###......####
#.#.........##...........
#...# ##...............#
#..####................#
##......................#
.......#................#


You could see 2 ugly things.

Vanquished Creatures
  A tentacled monstrosity (D:13)
  An orc warlord (Orc:2)
  The ghost of ratatoskos the Hand of Fortune, a journeyman DrWn of Nemelex Xobeh (D:13)
  2 very ugly things (D:13)
  Josephine (D:12)
  7 hydras
  Fannar (Orc:1)
  A catoblepas (D:13)
  A boulder beetle (D:13)
  3 two-headed ogres
  2 death yaks (Lair:5)
  2 dancing weapons (D:13)
  4 orc high priests (Orc:2)
  A demonic crawler (D:13)
  An occultist (Lair:5)
  5 skeletal warriors
  5 skysharks
  A sixfirhy (Lair:5)
  4 lindwurms (Lair:3)
  5 orc knights
  2 deep elf pyromancers
  An oklob plant (Lair:1)
  3 orc sorcerers
  4 manticores
  11 ugly things
  3 meliai
  17 elephants
  3 cyclopes
  5 kobold blastminers (Orc:2)
  A black mamba (Lair:1)
  9 cane toads
  A torpor snail (Lair:5)
  A large abomination (D:13)
  Jeremiah (D:6)
  3 ice devils (Lair:5)
  10 komodo dragons
  8 trolls
  Psyche (D:11)
  6 rime drakes
  A red devil (Lair:5)
  A hellwing (Lair:5)
  Grinder (D:4)
  5 hornets
  7 dream sheep (Lair:3)
  7 polar bears
  2 tyrant leeches
  26 blink frogs
  Sigmund (D:3)
  A spriggan (D:12)
  A shadow (D:10)
  3 wyverns
  7 wraiths
  50 yaks
  3 basilisks
  5 wargs
  4 redbacks (Lair:2)
  A steam dragon (D:6)
  A chaos spawn (D:13)
  A swamp worm (Lair:3)
  2 acid dragons
  5 hell hounds (Lair:5)
  8 water moccasins
  2 laughing skulls (D:13)
  7 black bears
  33 orc warriors
  2 ice beasts
  10 ogres
  5 small abominations (D:13)
  9 wolves
  A centaur (D:8)
  A phantom (D:6)
  14 bullfrogs
  2 kobold brigands (D:9)
  A scorpion (D:6)
  3 gnoll sergeants
  14 wights
  5 killer bees
  2 vampire bats (D:8)
  2 bombardier beetles (D:5)
  4 howler monkeys
  A gnoll bouda (D:7)
  A hound (D:5)
  21 orc priests
  Crazy Yiuf (D:3)
  2 jellies (D:5)
  A sleepcap (D:4)
  Terence (D:3)
  2 iguanas
  22 orc wizards
  14 gnolls
  8 adders
  A shadow imp (D:6)
  3 ribbon worms
  79 orcs
  10 bats
  6 endoplasms
  2 giant cockroaches
  11 goblins
  5 hobgoblins
  2 jackals (D:4)
  6 kobolds
  A quokka (D:2)
  4 ball pythons
  4 rats
607 creatures vanquished.

Notes
Turn   | Place    | Note
-------+----------+-------------------------------------------
     0 | D:1      | James the Spriggan Enchanter began the quest for the Orb.
     0 | D:1      | Reached XP level 1. HP: 9/9 MP: 5/5
   170 | D:1      | Found a faded altar of an unknown god.
   475 | D:1      | Reached XP level 2. HP: 13/13 MP: 6/6
   797 | D:1      | Learned a level 2 spell: Ensorcelled Hibernation
   807 | D:2      | Reached skill level 5 in Stealth
  1351 | D:2      | Reached XP level 3. HP: 13/16 MP: 8/8
  1763 | D:3      | Noticed Sigmund
  2177 | D:3      | Found a runed translucent door.
  2178 | D:3      | Noticed Crazy Yiuf
  2198 | D:3      | Killed Crazy Yiuf
  2199 | D:3      | Reached skill level 1 in Ice Magic
  2199 | D:3      | Reached XP level 4. HP: 16/21 MP: 1/9
  2728 | D:3      | Noticed Terence
  2732 | D:3      | Killed Terence
  2733 | D:3      | Reached skill level 6 in Stealth
  2831 | D:3      | Reached XP level 5. HP: 24/24 MP: 7/10
  2837 | D:3      | Learned a level 3 spell: Confusing Touch
  2841 | D:3      | Learned a level 3 spell: Tukima's Dance
  3440 | D:4      | You fall into a shaft and drop 3 floors!
  3566 | D:5      | Entered Level 5 of the Dungeon
  3902 | D:4      | Reached skill level 5 in Hexes
  3958 | D:4      | Noticed Grinder
  4087 | D:4      | Identified the +7 trident of the Sugar Beet {venom,
                  | ^Fragile Str+2 Int+7 Stlth+}
  4210 | D:4      | Noticed an ogre
  4248 | D:4      | Killed an ogre
  4249 | D:4      | Reached XP level 6. HP: 29/29 MP: 6/12
  4339 | D:4      | Found a shimmering blue altar of Sif Muna.
  4586 | D:4      | Found Bayluot's Serpentskin Sales.
  4591 | D:4      | Bought a +0 buckler of poison resistance for 119 gold
                  | pieces
  4851 | D:5      | Reached skill level 1 in Shields
  5105 | D:5      | Reached XP level 7. HP: 32/32 MP: 13/13
  5221 | D:5      | Noticed a hornet
  5225 | D:5      | Killed a hornet
  5356 | D:5      | Found a hazy altar of Hepliaklqana.
  5810 | D:6      | Noticed a steam dragon
  5812 | D:6      | Killed a steam dragon
  5856 | D:5      | Reached skill level 5 in Shields
  5856 | D:5      | Reached XP level 8. HP: 24/37 MP: 7/14
  6180 | D:6      | Found Fare's Magic Scroll Shop.
  6497 | D:6      | Noticed Jeremiah
  6514 | D:6      | Killed Jeremiah
  6837 | D:6      | Reached XP level 9. HP: 40/40 MP: 15/15
  7038 | D:7      | Found a staircase to the Ecumenical Temple.
  7047 | Temple   | Entered the Ecumenical Temple
  7054 | Temple   | Became a worshipper of Dithmenos the Shadowed
  8042 | D:3      | Killed Sigmund
  8205 | D:4      | Reached skill level 1 in Fighting
  8372 | D:4      | Paralysed by Grinder for 5 turns
  8378 | D:4      | Killed Grinder
  8659 | D:4      | Reached skill level 7 in Stealth
  9387 | D:7      | Found Zaacug's Vocational Training.
  9464 | D:7      | Learned a level 3 spell: Dazzling Flash
  9565 | D:8      | Reached * piety under Dithmenos
  9619 | D:8      | Found a shimmering altar of Xom.
  9640 | D:8      | Reached skill level 5 in Short Blades
  9827 | D:8      | Found a glowing golden altar of the Shining One.
 10069 | D:8      | Noticed Erica
 10151 | D:8      | Found a hide-covered altar of Uskayaw.
 10161 | D:8      | Found an iron altar of Okawaru.
 10161 | D:8      | Noticed a two-headed ogre
 10168 | D:8      | Killed a two-headed ogre
 10169 | D:8      | Reached skill level 8 in Stealth
 10169 | D:8      | Reached XP level 10. HP: 46/46 MP: 17/17
 10295 | D:9      | Reached skill level 5 in Dodging
 10667 | D:9      | Found a staircase to the Lair.
 10972 | D:9      | Found a staircase to the Orcish Mines.
 11004 | D:9      | Reached skill level 9 in Stealth
 11016 | D:9      | HP: 1/46 [ogre/+0 giant spiked club (31)]
 11271 | D:9      | Reached ** piety under Dithmenos
 11754 | D:9      | Found a stormy altar of Qazlal.
 11951 | D:9      | Reached skill level 10 in Hexes
 12394 | D:9      | Found a staircase to the Lair.
 12439 | D:9      | Found a stormy altar of Qazlal.
 12580 | D:9      | Found a staircase to the Orcish Mines.
 13390 | D:10     | Entered Level 10 of the Dungeon
 13396 | D:10     | Found an ancient bone altar of Kikubaaqudgha.
 13430 | D:10     | Reached skill level 10 in Stealth
 13616 | D:10     | Found a portal to a secret trove of treasure.
 13727 | D:10     | Reached XP level 11. HP: 46/50 MP: 15/18
 13926 | D:10     | Reached *** piety under Dithmenos
 13927 | D:10     | Reached skill level 1 in Conjurations
 13941 | D:10     | Found a large runed translucent door.
 13941 | D:10     | Found a large runed translucent door.
 13971 | D:10     | Identified the +3 robe of Joy {rF- rC+ rN+ SInv}
 14496 | D:11     | Found a basalt altar of Yredelemnul.
 14674 | D:11     | Noticed a two-headed ogre
 14689 | D:11     | Killed a two-headed ogre
 15451 | D:11     | Noticed Psyche
 15458 | D:11     | Killed Psyche
 15506 | D:11     | Noticed a two-headed ogre
 15537 | D:11     | Killed a two-headed ogre
 15732 | D:11     | Reached skill level 11 in Stealth
 16228 | Lair:1   | Entered Level 1 of the Lair of Beasts
 16365 | D:9      | Reached skill level 5 in Spellcasting
 16525 | Lair:1   | Noticed an oklob plant
 16735 | Lair:1   | Noticed a five-headed hydra
 16768 | Lair:1   | Killed a five-headed hydra
 16769 | Lair:1   | Reached XP level 12. HP: 43/56 MP: 9/20
 16878 | Lair:1   | Found the +1 robe of Vines {NoPotionHeal Regen++++}
 17002 | Lair:1   | Reached skill level 12 in Stealth
 17219 | Lair:1   | Reached **** piety under Dithmenos
 17373 | Lair:1   | Reached skill level 10 in Short Blades
 17888 | Lair:1   | Noticed an eight-headed hydra
 17896 | Lair:1   | Killed an eight-headed hydra
 18360 | Lair:2   | Reached skill level 13 in Stealth
 18512 | Lair:2   | Found a hole to the Spider Nest.
 18518 | Lair:2   | Reached skill level 10 in Dodging
 19781 | Lair:2   | Found a hole to the Spider Nest.
 20577 | Lair:3   | Reached XP level 13. HP: 61/61 MP: 23/23
 20579 | Lair:3   | Identified the ring "Ykeagoot" {rPois rCorr EV+5 Slay-6
                  | SInv}
 20595 | Lair:3   | Identified the +8 quarterstaff of the Omega Point {holy,
                  | Str+2}
 20626 | Lair:3   | Reached skill level 14 in Stealth
 20767 | Lair:3   | Reached ***** piety under Dithmenos
 21072 | Lair:3   | Found a staircase to the Swamp.
 22373 | Lair:4   | Reached skill level 15 in Stealth
 22779 | Lair:5   | Entered Level 5 of the Lair of Beasts
 22779 | Lair:5   | Found a staircase to the Slime Pits.
 23963 | Lair:5   | Reached XP level 14. HP: 67/67 MP: 11/24
 24286 | Lair:5   | Reached skill level 16 in Stealth
 24290 | Lair:5   | Reached skill level 5 in Fighting
 24608 | Lair:5   | Found a burning altar of Makhleb.
 24936 | Lair:5   | Found a gateway to Hell.
 24943 | Lair:5   | Identified the ring of the Singing Queen {*Slow rN+ rCorr
                  | Int+6}
 25387 | D:12     | Found Geqad's Assorted Antiques.
 25451 | D:12     | Reached ****** piety under Dithmenos
 26347 | D:12     | Noticed Josephine
 26936 | D:12     | Killed Josephine
 27058 | D:12     | Found Geqad's Assorted Antiques.
 27615 | Orc:1    | Entered Level 1 of the Orcish Mines
 27819 | D:9      | Reached skill level 17 in Stealth
 28092 | Orc:1    | Found a runed translucent gate.
 28092 | Orc:1    | Found a runed translucent gate.
 28092 | Orc:1    | Found a runed translucent gate.
 28097 | Orc:1    | Noticed Dmuffinman's ghost (journeyman MiBe)
 28195 | Orc:2    | Entered Level 2 of the Orcish Mines
 28195 | Orc:2    | Found a staircase to the Elven Halls.
 28463 | Orc:2    | Noticed an orc warlord
 28474 | Orc:2    | Killed an orc warlord
 28578 | Orc:2    | Reached skill level 15 in Hexes
 28641 | Orc:2    | Found Luocibli's Antique Armour Emporium.
 28774 | Orc:2    | Found Agraoh's General Store.
 29587 | Orc:2    | Reached XP level 15. HP: 73/73 MP: 22/25
 29685 | Orc:2    | Found Defuecot's Antique Weapon Emporium.
 29996 | Orc:2    | Found Taes's Book Shop.
 30195 | Orc:1    | Noticed Fannar
 30213 | Orc:1    | Killed Fannar
 30521 | D:13     | Found a gate to the Vaults.
 30656 | D:13     | Found a runed translucent door.
 30656 | D:13     | Noticed ratatoskos's ghost (journeyman DrWn)
 30684 | D:13     | Found a runed translucent door.
 31511 | D:13     | Killed ratatoskos's ghost
 31558 | D:13     | Noticed a tentacled monstrosity
 31760 | D:13     | Reached skill level 18 in Stealth
 32015 | D:13     | Killed a tentacled monstrosity
 32466 | D:13     | Found a gate to the Vaults.
 33168 | D:14     | Found a transporter.
 33170 | D:14     | Found a transporter.
 33170 | D:14     | Noticed Laowois's ghost (journeyman MiBe)
 33455 | D:13     | HP: 2/74 [meliai/+0 war axe (14)]
 33592 | D:13     | Reached skill level 15 in Dodging
 33619 | D:14     | Mangled by a cyan ugly thing

Illustrated notes

Levels and vault maps discovered:
D:1:      minmay_arrival_checkered_box, layout_basic,
          ebering_ecumenical_altar_abandoned, reono_crystal_passage
D:2:      layout_rooms, minmay_pentomino_z4
D:3:      layout_loops_ring, kennysheep_pointless_box,
          chequers_serial_rivers_small_b, grunt_ministairs_15,
          uniq_crazy_yiuf_cottage, uniq_sigmund, uniq_terence
D:4:      minmay_skewed_foursquare, layout_gridville,
          mainiacjoe_overflow_tiny_flanked, guppyfry_shop_venom, uniq_grinder
D:5:      layout_loops_corners, kennysheep_mini_moat
D:6:      layout_gridville, serial_shops, shop, uniq_jeremiah
D:7:      layout_basic, minmay_temple_entry_grid, nicolae_shop_vocational
D:8:      layout_rooms, lemuel_crystal_altar,
          mainiacjoe_overflow_concentric_impassable, jmf_multi_god_temple2,
          roderic_batcave, kennysheep_generic_room_6, uniq_erica
D:9:      layout_layer_cave, mainiacjoe_overflow_six_doors_small,
          due_lair_maze_entry_diamond, kennysheep_orc_monster_closet_entryway
D:10:     layout_rooms, general_overflow_altar, enter_trove_0,
          serial_library_hellmonk_filled_rooms, minmay_misc_feat_enclosed,
          lightli_elemental_guards
D:11:     layout_layer_cave, yredelemnul_altar_generic, uniq_psyche
D:12:     layout_gridville, serial_shops, nicolae_shop_crystal, the_hattery,
          uniq_josephine
D:13:     cheibrodos_body_horror, layout_stronghold, erik_vaults_1,
          hellmonk_ghost_happy_afterlife
D:14:     layout_rooms, gammafunk_ghost_arena, hangedman_decor_growths
Temple:   nicolae_temple_bog_church
Lair:1:   layout_small_grid, hellmonk_guarded_unrand_vines
Lair:2:   layout_regular_city, spider_nest_entry_webs, serial_bayou_shore_a,
          grunt_megastairs_1
Lair:3:   layout_misc_corridors, minmay_swamp_entry_worms, minmay_lindwurm_lava,
          grunt_megastairs_4
Lair:4:   layout_cave_pods, beast_lair_carwin_7
Lair:5:   evil_forest, layout_concentric_octagons, slime_entry_1
Orc:1:    layout_caves, gammafunk_ghost_necromancy, uniq_fannar
Orc:2:    grunt_orc_gardens, layout_caves, grunt_orc_garden, grunt_orc_garden,
          grunt_orc_garden, grunt_orc_garden, mines2_david

Skill      XL: |  1  2  3  4  5  6  7  8  9 10 11 12 13 14 15 |
---------------+----------------------------------------------+-----
Dodging        | 3 4 6 8 10 12 14 15 | 15.0
Stealth        | 5 6 8 10 11 13 15 17 18 | 18.3
Short Blades   | 2 3 5 7 9 11 12 13 14 | 14.0
Spellcasting   | 3 4 5 6 7 |  7.1
Hexes          | 4 5 8 10 11 12 13 15 | 15.7
Ice Magic      | 1 2 |  2.0
Shields        | 2 5 7 8 |  8.0
Fighting       | 1 2 3 4 6 |  6.5
Conjurations   | 1 |  1.0

Action                     |  1- 3 |  4- 6 |  7- 9 | 10-12 | 13-15 || total
---------------------------+-------+-------+-------+-------+-------++-------
  Melee: Dagger            |   107 |    82 |   318 |   434 |   814 ||  1755
         Punch             |     1 |       |       |       |       ||     1
         Long sword        |       |     1 |       |       |     1 ||     2
         Short sword       |       |       |       |       |    41 ||    41
  Throw: Boomerang         |       |       |    19 |       |       ||    19
   Cast: Ensorcelled Hiber |    17 |    16 |    45 |   232 |   282 ||   592
         Confusing Touch   |       |     2 |    16 |     7 |    43 ||    68
         Dazzling Flash    |       |       |       |     5 |    10 ||    15
  Evoke: Wand              |       |       |       |       |     5 ||     5
         Box of beasts     |       |       |       |       |     1 ||     1
    Use: Scroll            |       |    14 |     5 |     6 |     3 ||    28
         Potion            |       |       |       |     1 |     2 ||     3
   Stab: Sleeping          |    14 |    21 |    35 |   125 |   201 ||   396
         Confused          |       |     3 |    16 |     6 |    46 ||    71
         Distracted        |       |       |     1 |       |     4 ||     5
         Invisible         |       |       |       |     4 |     8 ||    12
 Armour: Robe              |    24 |    16 |    75 |    94 |   168 ||   377
  Dodge: Dodged            |    83 |    39 |   184 |   317 |   540 ||  1163
  Block: Buckler           |       |     3 |    95 |   135 |   159 ||   392
